% Time on Ice - KELOWNA ROCKETS
Lines # - Real PCT - Wanted PCT - Time Play
Normal Forward
1 - 37% - 34% - 16:31
2 - 32% - 34% - 13:59
3 - 23% - 27% - 10:16
4 - 8% - 5% - 3:37
Normal Defense
1 - 35% - 33% - 15:32
2 - 31% - 31% - 13:57
3 - 22% - 21% - 9:38
4 - 12% - 15% - 5:16
PP Forward
1 - 57% - 75% - 6:16
2 - 43% - 25% - 4:44
PP Defense
1 - 58% - 75% - 6:24
2 - 42% - 25% - 4:36
PK Forward
1 - 79% - 55% - 2:48
2 - 21% - 45% - 0:46
PK Defense
1 - 51% - 55% - 1:49
2 - 49% - 45% - 1:45
PK3 Forward
1 - 0% - 55%
2 - 0% - 45%
PK3 Defense
1 - 0% - 55%
2 - 0% - 45%
44 Forward
1 - 38% - 50% - 0:24
2 - 62% - 50% - 0:39
44 Defense
1 - 62% - 50% - 0:39
2 - 38% - 50% - 0:24
Last Minute Offensive  - 0:00
Last Minute Defensive  - 0:00
Total
Forward - 60:00
Defense - 60:00
% Time on Ice - SPOKANE KNIGHTS
Lines # - Real PCT - Wanted PCT - Time Play
Normal Forward
1 - 31% - 32% - 13:45
2 - 33% - 32% - 14:41
3 - 30% - 29% - 13:08
4 - 6% - 7% - 2:49
Normal Defense
1 - 38% - 35% - 16:50
2 - 35% - 35% - 15:34
3 - 14% - 15% - 6:00
4 - 13% - 15% - 5:59
PP Forward
1 - 66% - 60% - 2:22
2 - 34% - 40% - 1:12
PP Defense
1 - 60% - 60% - 2:08
2 - 40% - 40% - 1:26
PK Forward
1 - 62% - 55% - 6:51
2 - 38% - 45% - 4:09
PK Defense
1 - 54% - 60% - 5:58
2 - 46% - 40% - 5:02
PK3 Forward
1 - 0% - 60%
2 - 0% - 40%
PK3 Defense
1 - 0% - 60%
2 - 0% - 40%
44 Forward
1 - 38% - 50% - 0:24
2 - 62% - 50% - 0:39
44 Defense
1 - 38% - 60% - 0:24
2 - 62% - 40% - 0:39
Last Minute Offensive  - 0:00
Last Minute Defensive  - 0:00
Total
Forward - 60:00
Defense - 60:00
Play-by-Play 1st period 0:01 of 1st period - Alex Tuch wins face-off versus Evgeny Kuznetsov in neutral zone. 0:18 of 1st period - Shot by Tomas Hertl. 0:18 of 1st period - Stopped by Tuukka Rask without a rebound. 0:19 of 1st period - Auston Matthews wins face-off versus Mikael Backlund in KELOWNA ROCKETS zone. 0:30 of 1st period - Shot by Matthew Tkachuk. 0:30 of 1st period - Stopped by Tuukka Rask with a rebound. 0:50 of 1st period - Shot by Matthew Tkachuk. 0:50 of 1st period - Goal by Matthew Tkachuk - KELOWNA ROCKETS : 0 - SPOKANE KNIGHTS : 1. 0:51 of 1st period - Phillip Danault wins face-off versus Anthony Cirelli in neutral zone. 1:08 of 1st period - Shot by Anthony Cirelli. 1:08 of 1st period - Shot Blocked by Vincent Trocheck. 1:35 of 1st period - Minor Penalty to Phillip Danault for Hooking. 1:36 of 1st period - Evgeny Kuznetsov wins face-off versus Alex Tuch in SPOKANE KNIGHTS zone. 1:57 of 1st period - Shot by Alexander Ovechkin. 1:57 of 1st period - Goal by Alexander Ovechkin - KELOWNA ROCKETS : 1 - SPOKANE KNIGHTS : 1. 1:58 of 1st period - Nick Bjugstad wins face-off versus Sebastian Aho in neutral zone. 2:14 of 1st period - Minor Penalty to Victor Hedman for Hooking. 2:15 of 1st period - Evgeny Kuznetsov wins face-off versus Vincent Trocheck in SPOKANE KNIGHTS zone. 2:16 of 1st period - Shot by Vladimir Tarasenko. 2:16 of 1st period - Shot Misses the Net. 3:36 of 1st period - Shot by Pavel Buchnevich. 3:36 of 1st period - Shot Misses the Net. 3:38 of 1st period - Shot by Nate Schmidt. 3:38 of 1st period - Stopped by Braden Holtby without a rebound. 3:39 of 1st period - Phillip Danault wins face-off versus Nick Bjugstad in SPOKANE KNIGHTS zone. 4:21 of 1st period - Jordan Eberle is hit by Patrick Kane and loses puck. 5:12 of 1st period - Shot by Blake Wheeler. 5:12 of 1st period - Goal by Blake Wheeler - KELOWNA ROCKETS : 1 - SPOKANE KNIGHTS : 2. 5:13 of 1st period - Sebastian Aho wins face-off versus Evgeny Kuznetsov in neutral zone. 5:44 of 1st period - Shot by Alexander Ovechkin. 5:44 of 1st period - Stopped by Braden Holtby with a rebound. 6:12 of 1st period - Adam Fox is hit by Blake Wheeler and loses puck. 6:18 of 1st period - Icing by Adam Fox. 6:19 of 1st period - Phillip Danault wins face-off versus Evgeny Kuznetsov in KELOWNA ROCKETS zone. 6:22 of 1st period - Shot by Vincent Trocheck. 6:22 of 1st period - Shot Blocked by Adam Fox. 6:39 of 1st period - Minor Penalty to Vincent Trocheck for Tripping. 6:40 of 1st period - Nick Bjugstad wins face-off versus Phillip Danault in SPOKANE KNIGHTS zone. 6:49 of 1st period - Shot by Tyler Bertuzzi. 6:49 of 1st period - Stopped by Braden Holtby without a rebound. 6:50 of 1st period - Nick Bjugstad wins face-off versus Phillip Danault in SPOKANE KNIGHTS zone. 6:53 of 1st period - Shot by Pavel Buchnevich. 6:53 of 1st period - Stopped by Braden Holtby without a rebound. 6:54 of 1st period - Nick Bjugstad wins face-off versus Phillip Danault in SPOKANE KNIGHTS zone. 7:01 of 1st period - Shot by Tyler Bertuzzi. 7:01 of 1st period - Shot Misses the Net. 7:03 of 1st period - Shot by Nate Schmidt. 7:03 of 1st period - Shot Blocked by Zdeno Chara. 7:29 of 1st period - Shot by Nate Schmidt. 7:29 of 1st period - Stopped by Braden Holtby without a rebound. 7:30 of 1st period - Evgeny Kuznetsov wins face-off versus Mikael Backlund in SPOKANE KNIGHTS zone. 8:07 of 1st period - Shot by Vladimir Tarasenko. 8:07 of 1st period - Shot Misses the Net. 8:09 of 1st period - Shot by Vladimir Tarasenko. 8:09 of 1st period - Shot Blocked by Zdeno Chara. 8:20 of 1st period - Icing by Nate Schmidt. 8:21 of 1st period - Nick Bjugstad wins face-off versus Mikael Backlund in KELOWNA ROCKETS zone. 8:57 of 1st period - Shot by Patrick Kane. 8:57 of 1st period - Shot Blocked by Dmitri Orlov. 8:59 of 1st period - Shot by Brooks Orpik. 8:59 of 1st period - Shot Misses the Net. 9:01 of 1st period - Shot by Cale Makar. 9:01 of 1st period - Shot Misses the Net. 9:03 of 1st period - Shot by Cale Makar. 9:03 of 1st period - Shot Misses the Net. 9:05 of 1st period - Shot by Cale Makar. 9:05 of 1st period - Deflect By Patrick Kane. 9:05 of 1st period - Stopped by Tuukka Rask without a rebound. 9:06 of 1st period - Anthony Cirelli wins face-off versus Mikael Backlund in KELOWNA ROCKETS zone. 9:19 of 1st period - Shot by Blake Wheeler. 9:19 of 1st period - Shot Misses the Net. 9:21 of 1st period - Shot by Zdeno Chara. 9:21 of 1st period - Shot Misses the Net. 9:23 of 1st period - Shot by Mikael Backlund. 9:23 of 1st period - Stopped by Tuukka Rask without a rebound. 9:24 of 1st period - Phillip Danault wins face-off versus Evgeny Kuznetsov in KELOWNA ROCKETS zone. 9:29 of 1st period - Shot by Vincent Trocheck. 9:29 of 1st period - Stopped by Tuukka Rask without a rebound. 9:30 of 1st period - Blake Wheeler wins face-off versus Tyler Bertuzzi in KELOWNA ROCKETS zone. 9:37 of 1st period - Shot by Blake Wheeler. 9:37 of 1st period - Stopped by Tuukka Rask without a rebound. 9:38 of 1st period - Sebastian Aho wins face-off versus Auston Matthews in KELOWNA ROCKETS zone. 10:43 of 1st period - Icing by Phillip Danault. 10:44 of 1st period - Evgeny Kuznetsov wins face-off versus Phillip Danault in SPOKANE KNIGHTS zone. 10:55 of 1st period - Shot by Alexander Ovechkin. 10:55 of 1st period - Stopped by Braden Holtby without a rebound. 10:56 of 1st period - Anthony Cirelli wins face-off versus Mikael Backlund in SPOKANE KNIGHTS zone. 10:56 of 1st period - Anthony Cirelli is hit by Kristopher Letang. 10:59 of 1st period - Tyler Bertuzzi is hit by Victor Hedman and loses puck. 11:16 of 1st period - Shot by Anthony Cirelli. 11:16 of 1st period - Stopped by Braden Holtby without a rebound. 11:17 of 1st period - Phillip Danault wins face-off versus Evgeny Kuznetsov in SPOKANE KNIGHTS zone. 11:30 of 1st period - Shot by Alexander Ovechkin. 11:30 of 1st period - Stopped by Braden Holtby without a rebound. 11:31 of 1st period - Mikael Backlund wins face-off versus Pavel Buchnevich in SPOKANE KNIGHTS zone. 12:13 of 1st period - Shot by Blake Wheeler. 12:13 of 1st period - Goal by Blake Wheeler - KELOWNA ROCKETS : 1 - SPOKANE KNIGHTS : 3. 12:14 of 1st period - Evgeny Kuznetsov wins face-off versus Phillip Danault in neutral zone. 12:19 of 1st period - Phillip Danault is hit by Vladimir Tarasenko and loses puck. 13:00 of 1st period - Shot by Phillip Danault. 13:00 of 1st period - Stopped by Tuukka Rask without a rebound. 13:01 of 1st period - Auston Matthews wins face-off versus Sebastian Aho in KELOWNA ROCKETS zone. 13:09 of 1st period - Jordan Eberle is hit by Kristopher Letang and loses puck. 13:10 of 1st period - Jordan Eberle from KELOWNA ROCKETS is injured at 13:10 of 1st period (Strained Groin). 13:11 of 1st period - Auston Matthews wins face-off versus Mikael Backlund in SPOKANE KNIGHTS zone. 13:12 of 1st period - Shot by James van Riemsdyk. 13:12 of 1st period - Goal by James van Riemsdyk - KELOWNA ROCKETS : 2 - SPOKANE KNIGHTS : 3. 13:13 of 1st period - Auston Matthews wins face-off versus Sebastian Aho in neutral zone. 13:23 of 1st period - Icing by Victor Hedman. 13:24 of 1st period - Sebastian Aho wins face-off versus Evgeny Kuznetsov in SPOKANE KNIGHTS zone. 13:43 of 1st period - Victor Hedman is hit by Evgeny Kuznetsov and loses puck. 14:35 of 1st period - Shot by Auston Matthews. 14:35 of 1st period - Deflect By Anthony Cirelli. 14:35 of 1st period - Shot Misses the Net. 15:10 of 1st period - Shot by Mikael Backlund. 15:10 of 1st period - Stopped by Tuukka Rask without a rebound. 15:11 of 1st period - Phillip Danault wins face-off versus Nick Bjugstad in KELOWNA ROCKETS zone. 15:14 of 1st period - Shot by Vincent Trocheck. 15:14 of 1st period - Stopped by Tuukka Rask without a rebound. 15:15 of 1st period - Phillip Danault wins face-off versus Nick Bjugstad in KELOWNA ROCKETS zone. 15:15 of 1st period - Vincent Trocheck is hit by Drew Doughty and loses puck. 15:30 of 1st period - Shot by Vincent Trocheck. 15:30 of 1st period - Stopped by Tuukka Rask with a rebound. 16:31 of 1st period - Icing by Alexander Ovechkin. 16:32 of 1st period - Evgeny Kuznetsov wins face-off versus Sebastian Aho in KELOWNA ROCKETS zone. 16:37 of 1st period - Shot by Alexander Ovechkin. 16:37 of 1st period - Shot Misses the Net. 16:56 of 1st period - Tomas Hertl is hit by Dmitri Orlov and loses puck. 16:58 of 1st period - Minor Penalty to Dmitri Orlov for Roughing. 16:59 of 1st period - Auston Matthews wins face-off versus Sebastian Aho in KELOWNA ROCKETS zone. 16:59 of 1st period - Auston Matthews is hit by Matthew Tkachuk. 17:12 of 1st period - Shot by Sebastian Aho. 17:12 of 1st period - Shot Misses the Net. 17:38 of 1st period - Shot by Blake Wheeler. 17:38 of 1st period - Shot Misses the Net. 17:49 of 1st period - Icing by Sebastian Aho. 17:50 of 1st period - Auston Matthews wins face-off versus Sebastian Aho in SPOKANE KNIGHTS zone. 17:54 of 1st period - Minor Penalty to Cale Makar for Goalie Interference. 17:55 of 1st period - Auston Matthews wins face-off versus Phillip Danault in SPOKANE KNIGHTS zone. 17:57 of 1st period - Vladimir Tarasenko is hit by Anton Stralman. 18:31 of 1st period - Shot by Phillip Danault. 18:31 of 1st period - Deflect By Blake Wheeler. 18:31 of 1st period - Stopped by Tuukka Rask with a rebound. 18:33 of 1st period - Shot by Anton Stralman. 18:33 of 1st period - Stopped by Tuukka Rask without a rebound. 18:34 of 1st period - Sebastian Aho wins face-off versus Evgeny Kuznetsov in KELOWNA ROCKETS zone. 19:01 of 1st period - Shot by Alexander Ovechkin. 19:01 of 1st period - Stopped by Braden Holtby with a rebound. 19:03 of 1st period - Shot by Alexander Ovechkin. 19:03 of 1st period - Shot Misses the Net. 19:12 of 1st period - Off-side. 19:13 of 1st period - Evgeny Kuznetsov wins face-off versus Phillip Danault in neutral zone. 19:18 of 1st period - Shot by Alexander Ovechkin. 19:18 of 1st period - Shot Blocked by Victor Hedman. 19:20 of 1st period - Shot by Vladimir Tarasenko. 19:20 of 1st period - Stopped by Braden Holtby with a rebound. 19:22 of 1st period - Shot by Adam Fox. 19:22 of 1st period - Shot Misses the Net. 19:36 of 1st period - Shot by Adam Fox. 19:36 of 1st period - Shot Misses the Net. 19:38 of 1st period - Shot by Adam Fox. 19:38 of 1st period - Shot Blocked by Anton Stralman. 19:40 of 1st period - Shot by Evgeny Kuznetsov. 19:40 of 1st period - Goal by Evgeny Kuznetsov - KELOWNA ROCKETS : 3 - SPOKANE KNIGHTS : 3. 19:41 of 1st period - Anthony Cirelli wins face-off versus Sebastian Aho in neutral zone. Goals for this period are 3 for KELOWNA ROCKETS vs 3 for SPOKANE KNIGHTS. Shots for this period are 13 for KELOWNA ROCKETS vs 15 for SPOKANE KNIGHTS. 2nd period 0:01 of 2nd period - Auston Matthews wins face-off versus Mikael Backlund in neutral zone. 0:06 of 2nd period - Shot by Auston Matthews. 0:06 of 2nd period - Shot Blocked by Anton Stralman. 0:18 of 2nd period - Shot by James van Riemsdyk. 0:18 of 2nd period - Stopped by Braden Holtby without a rebound. 0:19 of 2nd period - Phillip Danault wins face-off versus Evgeny Kuznetsov in SPOKANE KNIGHTS zone. 0:19 of 2nd period - Phillip Danault is hit by Alexander Ovechkin. 0:34 of 2nd period - Off-side. 0:35 of 2nd period - Mikael Backlund wins face-off versus Anthony Cirelli in neutral zone. 0:40 of 2nd period - Shot by Blake Wheeler. 0:40 of 2nd period - Deflect By Matthew Tkachuk. 0:40 of 2nd period - Stopped by Tuukka Rask without a rebound. 0:41 of 2nd period - Auston Matthews wins face-off versus Mikael Backlund in KELOWNA ROCKETS zone. 0:47 of 2nd period - Shot by Auston Matthews. 0:47 of 2nd period - Stopped by Braden Holtby without a rebound. 0:48 of 2nd period - Mikael Backlund wins face-off versus Anthony Cirelli in SPOKANE KNIGHTS zone. 0:56 of 2nd period - Shot by Anthony Cirelli. 0:56 of 2nd period - Shot Misses the Net. 0:58 of 2nd period - Shot by Drew Doughty. 0:58 of 2nd period - Shot Misses the Net. 1:00 of 2nd period - Shot by Adam Fox. 1:00 of 2nd period - Shot Blocked by Zdeno Chara. 1:19 of 2nd period - Minor Penalty to Zdeno Chara for Hooking. 1:20 of 2nd period - Evgeny Kuznetsov wins face-off versus Phillip Danault in SPOKANE KNIGHTS zone. 2:43 of 2nd period - Icing by Nick Bjugstad. 2:44 of 2nd period - Phillip Danault wins face-off versus Nick Bjugstad in KELOWNA ROCKETS zone. 2:49 of 2nd period - Shot by Vincent Trocheck. 2:49 of 2nd period - Stopped by Tuukka Rask without a rebound. 2:50 of 2nd period - Mikael Backlund wins face-off versus Evgeny Kuznetsov in KELOWNA ROCKETS zone. 2:54 of 2nd period - Icing by Vladimir Tarasenko. 2:55 of 2nd period - Evgeny Kuznetsov wins face-off versus Phillip Danault in KELOWNA ROCKETS zone. 3:01 of 2nd period - Alexander Ovechkin is hit by Vincent Trocheck and loses puck. 3:26 of 2nd period - Shot by Anthony Cirelli. 3:26 of 2nd period - Stopped by Braden Holtby without a rebound. 3:27 of 2nd period - Anthony Cirelli wins face-off versus Sebastian Aho in SPOKANE KNIGHTS zone. 3:54 of 2nd period - Icing by Anthony Cirelli. 3:55 of 2nd period - Phillip Danault wins face-off versus Anthony Cirelli in KELOWNA ROCKETS zone. 4:12 of 2nd period - Shot by Patrick Kane. 4:12 of 2nd period - Shot Misses the Net. 4:28 of 2nd period - Shot by Vincent Trocheck. 4:28 of 2nd period - Shot Blocked by Dmitri Orlov. 4:30 of 2nd period - Shot by Vincent Trocheck. 4:30 of 2nd period - Stopped by Tuukka Rask without a rebound. 4:31 of 2nd period - Mikael Backlund wins face-off versus Auston Matthews in KELOWNA ROCKETS zone. 4:44 of 2nd period - Shot by Victor Hedman. 4:44 of 2nd period - Shot Misses the Net. 5:12 of 2nd period - Icing by Kristopher Letang. 5:13 of 2nd period - Mikael Backlund wins face-off versus Evgeny Kuznetsov in SPOKANE KNIGHTS zone. 5:54 of 2nd period - Shot by Alexander Ovechkin. 5:54 of 2nd period - Stopped by Braden Holtby with a rebound. 5:56 of 2nd period - Shot by Evgeny Kuznetsov. 5:56 of 2nd period - Shot Misses the Net. 6:03 of 2nd period - Icing by Matthew Tkachuk. 6:04 of 2nd period - Auston Matthews wins face-off versus Matthew Tkachuk in SPOKANE KNIGHTS zone. 6:38 of 2nd period - Icing by Matthew Tkachuk. 6:39 of 2nd period - Mikael Backlund wins face-off versus Nick Bjugstad in SPOKANE KNIGHTS zone. 6:43 of 2nd period - Icing by Kristopher Letang. 6:44 of 2nd period - Mikael Backlund wins face-off versus Evgeny Kuznetsov in SPOKANE KNIGHTS zone. 6:58 of 2nd period - Icing by Dmitri Orlov. 6:59 of 2nd period - Phillip Danault wins face-off versus Evgeny Kuznetsov in KELOWNA ROCKETS zone. 7:12 of 2nd period - Icing by Phillip Danault. 7:13 of 2nd period - Phillip Danault wins face-off versus Auston Matthews in SPOKANE KNIGHTS zone. 7:34 of 2nd period - Off-side. 7:35 of 2nd period - Sebastian Aho wins face-off versus Evgeny Kuznetsov in neutral zone. 8:14 of 2nd period - Shot by Alex Tuch. 8:14 of 2nd period - Stopped by Tuukka Rask without a rebound. 8:15 of 2nd period - Phillip Danault wins face-off versus Auston Matthews in KELOWNA ROCKETS zone. 8:18 of 2nd period - Shot by Vincent Tro